 Dungeon Crawl Stone Soup version 0.19-a0-719-gcc390b8 (webtiles) character file.

2449 Laan the Destroyer (level 9, -7/45 HPs)
             Began as a Deep Elf Fire Elementalist on June 21, 2016.
             Was an Initiate of Vehumet.
             Killed from afar by crossborder's ghost (31 damage)
             ... with a bolt of negative energy
             ... on level 7 of the Dungeon.
             The game lasted 00:19:45 (6046 turns).

Laan the Destroyer (Deep Elf Fire Elementalist)     Turns: 6046, Time: 00:19:46

Health: -7/45      AC: 11    Str:  5    XL:     9   Next: 25%
Magic:  8/24       EV: 12    Int: 24    God:    Vehumet [......]
Gold:   321        SH:  0    Dex: 15    Spells: 4 memorised, 14 levels left

rFire  . . .     SeeInvis +     u - staff of conjuration
rCold  . . .     Gourm    .     A - +2 robe {MR+}
rNeg   . . .     Faith    .     (no shield)
rPois  +         Spirit   .     s - +0 helmet
rElec  .         Dismiss  .     v - +0 cloak {MR+}
rCorr  .         Reflect  .     t - +0 pair of gloves
SustAt .         Harm     .     i - +0 pair of boots of Autumn {rPois SInv}
MR     ++...                    (no amulet)
Stlth  ++........               H - ring of wizardry
                                g - +3 ring of protection

@: drained, very resistant to hostile enchantments, unstealthy
A: no striking features
a: Renounce Religion


You were on level 7 of the Dungeon.
You worshipped Vehumet.
Vehumet was noncommittal.
You were not hungry.

You visited 2 branches of the dungeon, and saw 8 of its levels.

You collected 321 gold pieces.

Inventory:

Hand Weapons
 a - a +2 whip of flaming
 p - a +3 hand axe
 q - a -1 dagger
Armour
 i - the +0 pair of boots of Autumn (worn) {rPois SInv}
   (You found it on level 6 of the Dungeon)

   It protects you from poison.
   It lets you see invisible.
 s - a +0 helmet (worn)
 t - a +0 pair of gloves (worn)
 v - a +0 cloak of magic resistance (worn)
 A - a +2 robe of magic resistance (worn)
Magical Staves
 u - an uncursed staff of conjuration (weapon)
Jewellery
 g - a +3 ring of protection (left hand)
 H - a ring of wizardry (right hand)
Wands
 r - a wand of digging (14/24)
 z - a wand of random effects (20/48)
 D - a wand of confusion (41/48)
Scrolls
 e - 6 scrolls of identify
 f - a scroll of magic mapping
 w - a scroll of fog {unknown}
 x - 2 scrolls of teleportation
 y - 2 scrolls of amnesia {unknown}
 B - 2 scrolls of recharging {unknown}
 C - 2 scrolls of remove curse
 E - a scroll of fear
Potions
 d - a potion of ambrosia {unknown}
 h - 2 potions of flight
 j - a potion of heal wounds {unknown}
 k - a potion of cancellation {unknown}
 l - 2 potions of lignification {unknown}
 m - 3 potions of curing {unknown}
 n - a potion of degeneration {unknown}
 o - a potion of resistance {unknown}
 I - a potion of haste {unknown}
Books
 b - a book of Flames

   Spells                             Type                      Level
   a - Flame Tongue                   Conjuration/Fire             1
   b - Throw Flame                    Conjuration/Fire             2
   c - Conjure Flame                  Conjuration/Fire             3
   d - Inner Flame                    Hexes/Fire                   3
   e - Sticky Flame                   Conjuration/Fire             4
   f - Fireball                       Conjuration/Fire             5
Comestibles
 c - 2 bread rations
 G - a beef jerky


   Skills:
 - Level 2.4(1.8) Dodging
 - Level 2.4(1.8) Stealth
 + Level 9.8(9.1) Spellcasting
 * Level 11.0(10.3) Conjurations
 - Level 3.2(2.6) Fire Magic


You had 14 spell levels left.
You knew the following spells:

 Your Spells              Type           Power        Failure   Level  Hunger
a - Flame Tongue          Conj/Fire      #####        1%          1    None
b - Conjure Flame         Conj/Fire      ######..     1%          3    None
c - Sticky Flame          Conj/Fire      ######..     1%          4    ##.....
d - Fireball              Conj/Fire      ######....   6%          5    ####...


Dungeon Overview and Level Annotations

Branches:
Dungeon (7/15)             Temple (1/1) D:6

Altars:
Ashenzari
Cheibriados
Fedhas
Hepliaklqana
Makhleb
Nemelex Xobeh
Okawaru
Ru
Trog
Uskayaw
Vehumet
Zin
The Shining One

Annotations:
D:7 crossborder's ghost, novice DrFi


Message History

Crossborder's ghost misses you.
Casting: Flame Tongue
Confirm with . or Enter, or press ? or * to list all spells.
Aiming: Flame Tongue
Press: ? - help, Shift-Dir - straight line, f/p - crossborder's ghost
Aim: crossborder's ghost, wielding a weapon of venom (flame, lightly damaged)
You feel a surge of power!
The flame tongue hits crossborder's ghost.
Crossborder's ghost completely resists.
Crossborder's ghost is lightly damaged.
Crossborder's ghost is engulfed in roaring flames.
Crossborder's ghost hits you!
Crossborder's ghost is engulfed in roaring flames.
Crossborder's ghost breathes negative energy at you.
The bolt of negative energy misses you.
Crossborder's ghost dodges and says, "Too slow!"
Crossborder's ghost breathes negative energy at you.
The bolt of negative energy hits you!
You feel drained.
Ouch! That really hurt!
You die...

##..####.## ##...#..#
##....# #..##.##
##.####.## #W.#
#..#####.. ##.##
##......# ####..#
##..#....# ##.#.@##
##..#####..#
##.....####..## ..
###.............##
##................#
##............####.....
.............## .###.
............# ..#
##..........#..##
#............##


You could see crossborder's ghost.

Vanquished Creatures
  Pikel (D:6)
  Grinder (D:5)
  Sigmund (D:4)
  Eustachio (D:5)
  The ghost of Ordine the Changer, an amateur OpTm (D:3)
  Edmund (D:5)
  An ice beast (D:6)
  4 slaves (D:5)
  An ogre (D:6)
  A giant frog (D:4)
  2 scorpions
  A crimson imp (D:5)
  3 hounds
  A quasit (D:5)
  A centaur zombie (D:7)
  A centaur skeleton (D:6)
  2 orc priests
  Crazy Yiuf (D:4)
  Natasha (thrice) (D:2)
  3 orc wizards
  8 worker ants
  A hound zombie (D:5)
  Robin (D:2)
  7 adders
  4 gnolls (D:3)
  A shadow imp (D:3)
  An ooze (D:4)
  2 worms
  3 dart slugs
  3 giant geckos
  14 orcs
  3 giant cockroaches
  15 goblins
  8 hobgoblins
  10 jackals
  2 kobolds
  4 quokkas
  A ball python (D:3)
  A ball python skeleton (D:6)
  9 bats
  A giant cockroach zombie (D:5)
  6 giant newts
  A quokka zombie (D:6)
  2 rats (D:1)
  A fungus (D:4)
140 creatures vanquished.

Notes
Turn   | Place    | Note
--------------------------------------------------------------
     0 | D:1      | Laan the Deep Elf Fire Elementalist began the quest for the Orb.
     0 | D:1      | Reached XP level 1. HP: 10/10 MP: 6/6
   104 | D:1      | Reached XP level 2. HP: 7/15 MP: 3/8
   213 | D:1      | Reached skill level 2 in Conjurations
   627 | D:2      | Reached XP level 3. HP: 19/19 MP: 3/10
   805 | D:2      | Noticed Natasha
   815 | D:2      | Killed Natasha
   815 | D:2      | Reached skill level 3 in Conjurations
  1108 | D:2      | Reached XP level 4. HP: 24/24 MP: 4/12
  1130 | D:2      | Noticed Robin
  1242 | D:2      | Killed Robin
  1553 | D:2      | Noticed Natasha
  1561 | D:2      | Killed Natasha
  1561 | D:2      | Reached skill level 4 in Conjurations
  1609 | D:2      | Noticed Natasha
  1616 | D:2      | Killed Natasha
  1616 | D:2      | Reached skill level 5 in Spellcasting
  1616 | D:2      | Reached XP level 5. HP: 27/28 MP: 10/14
  2090 | D:3      | Noticed Ordine's ghost (amateur OpTm)
  2107 | D:2      | Learned a level 3 spell: Conjure Flame
  2112 | D:2      | Learned a level 4 spell: Sticky Flame
  2118 | D:2      | Learned a level 5 spell: Fireball
  2156 | D:3      | Killed Ordine's ghost
  2156 | D:3      | Reached skill level 5 in Conjurations
  2156 | D:3      | Reached XP level 6. HP: 32/32 MP: 4/16
  2411 | D:3      | Reached skill level 6 in Conjurations
  2696 | D:4      | Noticed Crazy Yiuf
  2706 | D:4      | Killed Crazy Yiuf
  2893 | D:4      | Reached XP level 7. HP: 36/36 MP: 14/18
  2916 | D:4      | Found a bloodstained altar of Trog.
  2972 | D:4      | Noticed Sigmund
  2976 | D:4      | Killed Sigmund
  2976 | D:4      | Reached skill level 7 in Conjurations
  3485 | D:4      | Reached skill level 8 in Conjurations
  3934 | D:5      | Entered Level 5 of the Dungeon
  3947 | D:5      | Noticed Grinder
  3960 | D:5      | Killed Grinder
  3960 | D:5      | Reached XP level 8. HP: 30/41 MP: 6/21
  4211 | D:5      | Noticed Edmund
  4225 | D:5      | Killed Edmund
  4225 | D:5      | Reached skill level 9 in Conjurations
  4629 | D:5      | Noticed Eustachio
  4640 | D:5      | Killed Eustachio
  4806 | D:6      | Noticed Pikel
  5283 | D:6      | Killed Pikel
  5283 | D:6      | Reached skill level 10 in Conjurations
  5283 | D:6      | Reached XP level 9. HP: 36/45 MP: 12/24
  5293 | D:6      | Got a pair of faintly glowing boots
  5294 | D:6      | Identified the +0 pair of boots of Autumn {rPois SInv} (You found it on level 6 of the Dungeon)
  5405 | D:6      | Found a staircase to the Ecumenical Temple.
  5445 | Temple   | Entered the Ecumenical Temple
  5527 | Temple   | Became a worshipper of Vehumet
  5976 | D:7      | Reached skill level 11 in Conjurations
  6017 | D:7      | Noticed crossborder's ghost (novice DrFi)
  6046 | D:7      | Killed from afar by crossborder's ghost

Vault maps used:
D:1:      onia_arrival_mini_spirals
D:2:      uniq_natasha, uniq_robin
D:3:      first_bread
D:4:      kennysheep_mini_moat, uniq_sigmund, uniq_crazy_yiuf_cottage
D:5:      uniq_edmund, uniq_grinder, uniq_eustachio
D:6:      uniq_pikel
D:7:      grunt_livestock
Temple:   regret_index_temple_sphere_string

Skill      XL: |  1  2  3  4  5  6  7  8  9 |
---------------+----------------------------+-----
Conjurations   | 2 3 4 5 6 8 10 11 | 11.0
Spellcasting   | 4 5 6 7 9 |  9.8
Dodging        | |  2.4
Stealth        | |  2.4
Fire Magic     | |  3.2

Action                   |  1- 3 |  4- 6 |  7- 9 || total
-------------------------+-------+-------+-------++-------
Melee: Unarmed           |       |     1 |       ||     1
       Dagger            |       |     2 |       ||     2
       Hand axe          |       |    15 |    88 ||   103
       Staff             |       |    11 |     7 ||    18
 Cast: Flame Tongue      |    57 |   105 |   168 ||   330
       Conjure Flame     |       |     1 |     2 ||     3
       Sticky Flame      |       |     1 |    15 ||    16
       Fireball          |       |       |     1 ||     1
Evoke: Wand              |       |       |     1 ||     1
  Use: Scroll            |       |     9 |     2 ||    11
  Eat: Chunk             |       |     3 |     6 ||     9
       Bread ration      |       |     1 |       ||     1
       Pizza             |       |       |     1 ||     1
       Beef jerky        |       |       |     1 ||     1
Armor: Robe              |     2 |    18 |    57 ||    77
Dodge: Dodged            |    13 |    42 |   128 ||   183
